 Dungeon Crawl Stone Soup version 0.29.1-15-g9cfb28693d (webtiles) character file.

Game seed: 15663407122696974739

515 hawla the Firebug (level 7, -7/51 HPs)
             Began as a Meteoran Fire Elementalist on Apr 10, 2023.
             Mangled by Duvessa
             ... wielding a +0 rapier
              (20 damage)
             ... on level 6 of the Dungeon.
             The game lasted 00:07:40 (1909 turns).

hawla the Firebug (Meteoran Fire Elementalist)      Turns: 1909, Time: 00:07:40

Health: -7/51      AC:  3    Str:  9    XL:     7   Next: 72%
Magic:  2/13       EV: 13    Int: 19    God:
Gold:   181        SH:  0    Dex: 15    Spells: 3/13 levels left

rFire   . . .      SeeInvis .   d - +0 dagger (venom)
rCold   . . .      Faith    .   (no shield)
rNeg    . . .      Spirit   .   a - +0 robe
rPois   .          Reflect  .   (no helmet)
rElec   .          Harm     .   s - +0 cloak
rCorr   .          Rampage  .   (no gloves)
Will    .....                   (no boots)
Stlth   +.........              (no amulet)
HPRegen 0.17/turn               (no ring)
MPRegen 0.13/turn               (no ring)

@: lethally poisoned (-7 -> -18), glowing
A: sense surroundings 1, otherworldly, glowing, explore regen
a: no special abilities


You were on level 6 of the Dungeon.
You visited 1 branch of the dungeon, and saw 6 of its levels.

You collected 181 gold pieces.

Inventory:

Hand Weapons
 d - a +0 dagger of venom (weapon)
Armour
 a - a +0 robe (worn)
 s - a +0 cloak (worn)
Jewellery
 i - a ring of ice
Wands
 g - a wand of light (7)
 m - a wand of flame (23) (quivered)
Scrolls
 b - a scroll of identify
 e - a scroll of fog
 o - 2 scrolls of teleportation {unknown}
 q - a scroll of magic mapping {unknown}
 r - a scroll of vulnerability {unknown}
Potions
 c - a potion of berserk rage
 f - 2 potions of ambrosia {unknown}
 h - a potion of mutation {unknown}
 j - 3 potions of might
 k - a potion of flight {unknown}
 l - 2 potions of lignification {unknown}
 n - 2 potions of curing {unknown}
 p - 2 potions of heal wounds {unknown}


   Skills:
 - Level 0.6 Fighting
 - Level 3.2 Short Blades
 - Level 2.8 Dodging
 - Level 1.4 Stealth
 - Level 3.5 Spellcasting
 - Level 4.5 Conjurations
 - Level 4.7 Fire Magic
 - Level 4.5 Earth Magic
 + Level 0.4 Evocations


You had 3 spell levels left.
You knew the following spells:

 Your Spells              Type           Power      Damage    Failure   Level
a - Foxfire               Conj/Fire      84%        2x1d8     2%          1
b - Scorch                Fire           42%        2d7       3%          2
c - Flame Wave            Conj/Fire      21%        2d8       22%         4
d - Stone Arrow           Conj/Erth      40%        3d9       7%          3

Your spell library contained the following spells:

 Spells                   Type           Power      Damage    Failure   Level
 Magic Dart               Conj           80%        1d7       2%          1
 Sandblast                Erth           40%        2d10      2%          1
 Searing Ray              Conj           40%        2d5       3%          2
 Conjure Flame            Conj/Fire      21%        6-21      6%          3
 Passwall                 Tmut/Erth      9%         N/A       9%          2
 Inner Flame              Hex/Fire       12%        N/A       16%         3
 Fulminant Prism          Conj/Hex       5%         3d7       50%         4
 Fireball                 Conj/Fire      10%        3d6       52%         5
 Starburst                Conj/Fire      10%        6d5       97%         6
 Ignition                 Fire           10%        3d5       100%        8


Dungeon Overview and Level Annotations

Branches:
Dungeon (6/15) Zot: 1689
 Temple: D:4-7

Altars:
Elyvilon
Fedhas
Kikubaaqudgha
Qazlal

Annotations:
D:6 Dowan, Duvessa


Innate Abilities, Weirdness & Mutations

You passively map a small area around you.
You are easily found by Zot.
You glow in the dark.
You regain HP and MP as you explore.


Message History

Your foxfire completely resists.
The flame wave engulfs Duvessa!
Duvessa is heavily wounded. (Press . to intensify the flame waves.)
The foxfire hits Dowan.
Dowan is moderately wounded.
The foxfire hits Duvessa but does no damage.
Duvessa is heavily wounded.
The foxfire hits Duvessa but does no damage.
Duvessa is heavily wounded.
Dowan hits you with a +4 dagger of venom.
You are poisoned.
Duvessa closely misses you.
A wave of flame ripples out!
The flame wave engulfs Dowan!
Dowan is almost dead.
The flame wave engulfs Duvessa but does no damage.
Duvessa is heavily wounded.
You feel sick.
Dowan hits you with a +4 dagger of venom.
You are more poisoned.
Duvessa hits you with a +0 rapier!
A wave of flame ripples out!
The flame wave engulfs Dowan.
Dowan is almost dead.
The flame wave engulfs Duvessa but does no damage.
Duvessa is heavily wounded.
You finish channelling waves of flame.
You feel very sick.
Dowan says, "My weaknesses are her strengths!"
Dowan casts a spell.
Dowan blinks!
Duvessa gestures with her weapon.
Unknown command.
As you read the scroll labelled TYOD JACOTT, it crumbles to dust.
It is a scroll of identify.
c - a potion of berserk rage
* * * LOW HITPOINT WARNING * * *
You feel very sick.
Dowan gestures at Duvessa while chanting.
Duvessa seems to speed up.
Duvessa hits you with a +0 rapier!!
You die...

* *, , .... , ,
, #..#* . *
*##..#**##. * ,
, * ...( ... .
* * , #,
#..##$##.. *
.##.##.........
.....:........#
#.@......#
#....e[.....#
####........#
#.........
#.........
####.#.e.., *
...... ...... *


You could see Duvessa (fast, strong) and Dowan.

Vanquished Creatures
  An ogre (D:5)
  2 centaurs (D:5)
  A phantom (D:5)
  A necrophage (D:5)
  An orc priest (D:5)
  A jelly (D:4)
  4 adders
  A white imp (D:5)
  A worm (D:3)
  A dart slug (D:1)
  4 orcs
  A ball python (D:4)
  4 endoplasms
  3 giant cockroaches
  2 hobgoblins
  2 kobolds
  A quokka (D:3)
  A bat (D:3)
  5 goblins
37 creatures vanquished.

Vanquished Creatures (collateral kills)
  A foxfire (D:3)
1 creature vanquished.

Vanquished Creatures (others)
  68 foxfires
  6 plants (D:4)
74 creatures vanquished.

Grand Total: 112 creatures vanquished

Notes
Turn   | Place    | Note
-------+----------+-------------------------------------------
     0 | D:1      | hawla the Meteoran Fire Elementalist began the quest for
                  | the Orb.
     0 | D:1      | Reached XP level 1. HP: 14/14 MP: 5/5
    60 | D:1      | Reached XP level 2. HP: 4/20 MP: 2/6
    63 | D:1      | Learned a level 2 spell: Scorch
   140 | D:3      | Reached XP level 3. HP: 26/26 MP: 4/8
   184 | D:3      | Found an ancient bone altar of Kikubaaqudgha.
   190 | D:3      | Found a blossoming altar of Fedhas.
   590 | D:4      | Reached XP level 4. HP: 29/34 MP: 5/10
   595 | D:4      | Learned a level 4 spell: Flame Wave
   730 | D:4      | Reached XP level 5. HP: 17/39 MP: 7/11
   768 | D:4      | Found a white marble altar of Elyvilon.
  1167 | D:4      | Found a stormy altar of Qazlal.
  1222 | D:5      | Entered Level 5 of the Dungeon
  1222 | D:5      | Noticed a centaur
  1222 | D:5      | Noticed a centaur
  1229 | D:5      | Killed a centaur
  1229 | D:5      | Killed a centaur
  1230 | D:5      | Reached XP level 6. HP: 17/46 MP: 7/12
  1238 | D:5      | Learned a level 3 spell: Stone Arrow
  1277 | D:5      | Reached skill level 1 in Earth Magic
  1288 | D:5      | Noticed an ogre
  1293 | D:5      | Killed an ogre
  1294 | D:5      | Reached XP level 7. HP: 51/51 MP: 6/13
  1898 | D:6      | Noticed Duvessa
  1898 | D:6      | Noticed Dowan
  1909 | D:6      | Mangled by Duvessa

Illustrated notes

Levels and vault maps discovered:
D:1:      shiori_shiawase, layout_basic, dilly_ecumenical_altar_fadedgnrine
D:2:      layout_loops_corners, kennysheep_generic_room_9
D:3:      layout_loops_corners, grunt_temple_overflow_growth_and_decay,
          amcnicky_mini_rare_corridor_liquid, grunt_ministairs_12,
          kennysheep_decorative_pillar, serial_bayou_pond_a,
          chequers_serial_rivers_micro_c, wad_orctagon
D:4:      cheibrodos_old_hovel, layout_loops_ring, mainiacjoe_overflow_alcove_1,
          lemuel_doored_altar
D:5:      layout_basic
D:6:      layout_loops_cross, temple_pool_b, serial_bayou_lagoon_b, uniq_edmund,
          uniq_duvessa

Skill      XL: |  1  2  3  4  5  6  7 |
---------------+----------------------+-----
Spellcasting   | 3 |  3.5
Fire Magic     | 4 |  4.7
Conjurations   | 3 4 |  4.5
Short Blades   | 3 |  3.2
Earth Magic    | 3 4 |  4.5
Fighting       | |  0.6
Dodging        | |  2.8
Stealth        | |  1.4
Evocations     | |  0.4

Action                   |  1- 3 |  4- 6 |  7- 9 || total
-------------------------+-------+-------+-------++-------
Melee: Unarmed           |    21 |       |       ||    21
       Punch             |     1 |       |       ||     1
       Dagger            |       |    13 |       ||    13
 Cast: Foxfire           |    19 |    15 |     8 ||    42
       Scorch            |     9 |     9 |     6 ||    24
       Flame Wave        |       |     2 |     2 ||     4
       Stone Arrow       |       |       |     2 ||     2
  Use: Scroll            |     2 |     4 |     1 ||     7
       Potion            |       |     1 |       ||     1
Armor: Robe              |     7 |     2 |     1 ||    10
Dodge: Dodged            |    15 |    16 |     3 ||    34
